AoeStats
← Charlesgggwp

MegaRandom

504480165Analyzed
3v3 RM · 28d ago on Sep 5, 2026· 55m 21s· 6 players
Game mode
Random Map
Map size
Normal (6 player)
Population
200
Speed
Normal
Resources
Standard
Victory
Conquest
Starting age
Dark Age
Ending age
Imperial Age
RankedLock teamsTeams togetherTeam positionsShared explorationLock speedFull tech treeHidden civsTurbo modeCheats
Victory
Defeat
🇹🇼 Cumans · Taiwan
936
+13
🇪🇸 Spanish · Spain
905
+14
🇦🇺 Huns · Australia
742
+22
🇹🇼 Lithuanians · Taiwan
882
-32
🇨🇳 Ethiopians · China
877
-17
🇹🇼 Italians · Taiwan
838
-35
Charlesgggwp
19:16 Feudal Age
20:45 Wheelbarrow
20:09 Double-Bit Axe
20:20 Horse Collar
21:27 Town Watch
27:16 Wheelbarrow
maRtin993♪
17:33 Feudal Age
22:31 Castle Age
20:37 Scale Mail Armor
20:51 Double-Bit Axe
22:16 Horse Collar
22:53 Forging
25:14 Fishing Lines
27:28 Wheelbarrow
26:40 Loom
27:38 Iron Casting
27:09 Scale Barding Armor
27:22 Chain Mail Armor
29:22 Hand Cart
29:40 Stone Mining
29:40 Gold Mining
32:52 Bow Saw
39:01 Squires
41:42 Royal Heirs
48:20 Imperial Age
45:53 Heavy Plow
47:55 Town Watch
48:31 Elite Shotel Warrior
51:40 Blast Furnace
50:46 Scale Barding Armor
51:14 Plate Mail Armor
z23091820
17:23 Feudal Age
18:30 Double-Bit Axe
18:50 Horse Collar
19:46 Fishing Lines
23:43 Wheelbarrow
28:58 Castle Age
34:05 Heavy Plow
36:29 Caravan
42:12 Light Cavalry
45:06 Scale Barding Armor
45:11 Forging
47:38 Imperial Age
45:28 Hand Cart
46:32 Husbandry
46:43 Bloodlines
47:57 Town Watch
47:58 Loom
50:11 Gold Mining
50:25 Town Patrol
49:49 Cavalier
52:23 Iron Casting
52:08 Chain Barding Armor
52:08 Winged Hussar
55:18 Conscription
liu73123151
8:18 Loom
14:06 Feudal Age
14:49 Town Watch
15:54 Fishing Lines
23:35 Castle Age
23:03 Horse Collar
23:25 Double-Bit Axe
29:34 Fletching
33:01 Steppe Husbandry
33:15 Scale Barding Armor
35:03 Chain Barding Armor
35:22 Wheelbarrow
39:53 Imperial Age
38:33 Forging
39:00 Bloodlines
39:56 Heavy Plow
40:21 Bodkin Arrow
40:59 Elite Steppe Lancer
42:20 Iron Casting
44:26 Gold Mining
45:30 Conscription
45:44 Capped Ram
47:08 Plate Barding Armor
47:01 Hand Cart
48:35 Bow Saw
50:14 Blast Furnace
51:43 Siege Ram
52:08 Light Cavalry
kikekalimar
18:03 Feudal Age
18:42 Double-Bit Axe
18:58 Gold Mining
19:45 Man-at-Arms
26:50 Castle Age
25:05 Forging
26:16 Scale Barding Armor
26:13 Scale Mail Armor
26:08 Stone Mining
27:47 Bow Saw
27:04 Long Swordsman
31:26 Iron Casting
32:22 Squires
31:42 Pikeman
33:12 Chain Mail Armor
35:34 Stone Shaft Mining
36:43 Chain Barding Armor
37:59 Husbandry
38:39 Caravan
45:36 Elite Skirmisher
47:47 Ballistics
54:15 Wheelbarrow
oasis_silva
18:09 Feudal Age
22:22 Castle Age
23:46 Thumb Ring
28:19 Double-Bit Axe
29:13 Wheelbarrow
37:24 Fletching
39:12 Husbandry
43:42 Gold Mining
43:44 Stone Mining
Connection lost

Rejoining the realm…

Still unreachable

The connection could not be restored.

Session expired

The server has moved on; the page needs a fresh start.